[Event "ICCopen2017"]
[Site "Internet Chess Club"]
[Date "2017.03.25"]
[Round "6"]
[White "ivancele"]
[Black "touchthis"]
[Result "1-0"]
[ICCResult "Black checkmated"]
[WhiteElo "1419"]
[BlackElo "1369"]
[Opening "Dutch defense"]
[ECO "A91"]
[NIC "HD.03"]
[Time "15:08:30"]
[TimeControl "180+0"]

1. d4 f5 2. c4 Nf6 3. g3 e6 4. Bg2 Be7 5. Nc3 O-O 6. e4 fxe4 7. Nxe4 Nxe4 8.
Bxe4 d6 9. Ne2 c6 10. O-O Nd7 11. Bg2 Nf6 12. Nc3 Rb8 13. a4 Qc7 14. Be3 b6
15. Rc1 Bb7 16. Qe2 c5 17. dxc5 Bxg2 18. Kxg2 dxc5 19. Bf4 Qc6+ 20. f3 Rbd8
21. Rfe1 Nh5 22. Be5 Bd6 23. Bxd6 Rxd6 24. Ne4 Rd7 25. b3 e5 26. Rcd1 Rxd1
27. Rxd1 Nf6 28. Rd6 Qc7 29. Nxf6+ Rxf6 30. Rd5 Re6 31. Qe4 Qe7 32. h4 h6
33. h5 Kf7 34. g4 Kf6 35. Qf5# {Black checkmated} 1-0

[Event "ICCopen2017"]
[Site "Internet Chess Club"]
[Date "2017.03.25"]
[Round "6"]
[White "HEM"]
[Black "crd"]
[Result "0-1"]
[ICCResult "White forfeits on time"]
[WhiteElo "1458"]
[BlackElo "1199"]
[Opening "Queen's gambit accepted"]
[ECO "D20"]
[NIC "QG.03"]
[Time "15:07:40"]
[TimeControl "180+0"]

1. d4 d5 2. c4 dxc4 3. e3 a6 4. Bxc4 e6 5. Nf3 h6 6. a4 Nf6 7. O-O Be7 8.
Nc3 O-O 9. Qe2 Nbd7 10. Rd1 Nb6 11. Bb3 c6 12. e4 Re8 13. a5 Nbd7 14. Ne5
Bb4 15. h3 Bxa5 16. Bf4 Bxc3 17. bxc3 Qb6 18. Rdb1 Qc7 19. Bg3 Qd8 20. Rd1
Qe7 21. Nc4 Qd8 22. Nd6 Rf8 23. Qf3 Rb8 24. e5 Nd5 25. c4 Ne7 26. Bf4 Ng6
27. Be3 Qe7 28. Bc2 Nb6 29. Qg3 Bd7 30. Bxg6 fxg6 31. Qxg6 Kh8 32. Rd3 Be8
33. Qg3 Bf7 34. Bf4 Nc8 35. Rf3 Nxd6 36. Raa3 Nf5 37. Qg4 Nxd4 38. Bg3 Nxf3+
39. gxf3 Bg8 {White forfeits on time} 0-1

[Event "ICCopen2017"]
[Site "Internet Chess Club"]
[Date "2017.03.25"]
[Round "6"]
[White "GranTorre"]
[Black "GreyWarden"]
[Result "1/2-1/2"]
[ICCResult "White ran out of time and Black has no material to mate"]
[WhiteElo "1812"]
[BlackElo "1980"]
[Opening "King's Indian: orthodox, Aronin-Taimanov, bayonet attack"]
[ECO "E97"]
[NIC "KI.05"]
[Time "15:07:58"]
[TimeControl "180+0"]

1. Nf3 Nf6 2. c4 g6 3. Nc3 Bg7 4. e4 d6 5. Be2 O-O 6. O-O e5 7. d4 Nc6 8. d5
Ne7 9. b4 Nh5 10. Re1 Nf4 11. Bf1 a5 12. b5 b6 13. Be3 Kh8 14. Nd2 f5 15. g3
Nh5 16. f3 f4 17. Bf2 fxg3 18. hxg3 Bh6 19. c5 bxc5 20. Nc4 Ng8 21. Rb1 Qg5
22. Kh2 Qf6 23. Bg2 Rb8 24. b6 cxb6 25. Rxb6 Rxb6 26. Nxb6 Qe7 27. Nc4 Qc7
28. Nb5 Qb8 29. Nbxd6 Ba6 30. Qa1 Bg7 31. Bxc5 Bxc4 32. Nxc4 Rc8 33. Bd6 Qa7
34. Nxe5 h6 35. Re2 Kh7 36. Bh3 Rd8 37. Ba3 Qc7 38. Bb2 Re8 39. Nxg6 Qxg3+
40. Kh1 Qxh3+ 41. Rh2 Qxf3+ 42. Rg2 Ng3+ 43. Kh2 Rxe4 44. Bxg7 Nf5 45. Bf8
Rg4 46. Qh8+ Kxg6 47. Qxg8+ Kh5 48. Qxg4+ Qxg4 49. Rxg4 Kxg4 50. d6 Nd4 51.
d7 Ne6 52. a4 Kf4 53. Be7 Ke5 54. d8=Q Nxd8 55. Bxd8 Kd4 56. Bxa5 Kc5 57.
Bd2 Kb6 58. a5+ Ka6 59. Kh3 h5 60. Kh4 Ka7 61. Kxh5 Ka8 62. Kg4 Ka7 63. Kf5
Ka8 64. Ke6 Ka7 65. Kd5 Ka8 66. Kc6 Ka7 67. Bf4 Ka8 68. Kb5 Ka7 69. Bd6 Ka8
70. Bc7 Ka7 71. Bb6+ Ka8 72. Ka6 Kb8 73. Ba7+ Ka8 74. Bb6 Kb8 75. Bc5 Ka8
76. Bd4 Kb8 77. Bc5 Ka8 78. Bb4 Kb8
{White ran out of time and Black has no material to mate}
1/2-1/2

[Event "ICCopen2017"]
[Site "Internet Chess Club"]
[Date "2017.03.25"]
[Round "7"]
[White "rugsy"]
[Black "Magagna"]
[Result "0-1"]
[ICCResult "White resigns"]
[WhiteElo "1367"]
[BlackElo "1611"]
[Opening "Ruy Lopez: exchange variation"]
[ECO "C68"]
[NIC "RL.08"]
[Time "15:15:57"]
[TimeControl "180+0"]

1. e4 e5 2. Nf3 Nc6 3. Bb5 a6 4. Bxc6 dxc6 5. d4 exd4 6. Qxd4 Qxd4 7. Nxd4
Bc5 8. Nb3 Ba7 9. Nc3 Nf6 10. f3 Be6 11. Bf4 O-O-O 12. Bg3 Rd7 13. Bf2 Bxf2+
14. Kxf2 Bxb3 15. axb3 Rd2+ 16. Ke3 Rxc2 17. Rab1 Rxg2 {White resigns} 0-1

[Event "ICCopen2017"]
[Site "Internet Chess Club"]
[Date "2017.03.25"]
[Round "7"]
[White "sanguine"]
[Black "weakfish"]
[Result "0-1"]
[ICCResult "White resigns"]
[WhiteElo "1011"]
[BlackElo "1292"]
[Opening "Caro-Kann defense"]
[ECO "B10"]
[NIC "CK.01"]
[Time "15:15:50"]
[TimeControl "180+0"]

1. e4 c6 2. Nf3 d5 3. exd5 cxd5 4. d4 a6 5. Bd3 Bg4 6. O-O e6 7. c3 Nf6 8.
Qb3 Qc7 9. Ne5 Be7 10. Nxg4 Nxg4 11. f3 Nf6 12. Bg5 Nbd7 13. Nd2 O-O 14.
Rfe1 h6 15. Bxf6 Bxf6 16. f4 Qxf4 17. Qxb7 Qxd2 18. Qxd7 Qxd3 19. Rad1 Qb5
20. Rxe6 Qxd7 {White resigns} 0-1

[Event "ICCopen2017"]
[Site "Internet Chess Club"]
[Date "2017.03.25"]
[Round "7"]
[White "VrloJakMK"]
[Black "egya"]
[Result "1-0"]
[ICCResult "Black checkmated"]
[WhiteElo "2029"]
[BlackElo "1785"]
[Opening "QGD: Albin counter-gambit"]
[ECO "D08"]
[NIC "QG.02"]
[Time "15:15:59"]
[TimeControl "180+0"]

1. d4 d5 2. c4 e5 3. Nc3 dxc4 4. d5 c6 5. e4 b5 6. a3 Bc5 7. f4 Bxg1 8. Rxg1
Qh4+ 9. g3 Qxh2 10. Rg2 Qh1 11. fxe5 Bh3 12. Rf2 Nd7 13. e6 Ne5 14. exf7+
Kd7 15. dxc6+ Kc8 16. f8=Q+ Kc7 17. Qdd6+ Kb6 18. Qc5+ Kc7 19. Nxb5#
{Black checkmated}
1-0

[Event "ICCopen2017"]
[Site "Internet Chess Club"]
[Date "2017.03.25"]
[Round "7"]
[White "Knight-Rookie"]
[Black "evorg"]
[Result "1-0"]
[ICCResult "Black resigns"]
[WhiteElo "1274"]
[BlackElo "1489"]
[Opening "Center game"]
[ECO "C22"]
[NIC "KP.04"]
[Time "15:17:25"]
[TimeControl "180+0"]

1. e4 e5 2. d4 exd4 3. Qxd4 Nc6 4. Qd1 Nf6 5. Nc3 Bb4 6. Bd3 Bxc3+ 7. bxc3
O-O 8. a4 d5 9. exd5 Nxd5 10. Ne2 Re8 11. O-O Qf6 12. Bb2 Qg6 13. Bxg6
{Black resigns}
1-0

[Event "ICCopen2017"]
[Site "Internet Chess Club"]
[Date "2017.03.25"]
[Round "7"]
[White "Teoretik"]
[Black "UnderArmour"]
[Result "0-1"]
[ICCResult "White resigns"]
[WhiteElo "1683"]
[BlackElo "1952"]
[Opening "French defense"]
[ECO "C00"]
[NIC "FR.01"]
[Time "15:16:55"]
[TimeControl "180+0"]

1. e4 e6 2. Nf3 d5 3. exd5 exd5 4. d4 Nf6 5. Bd3 Bd6 6. O-O O-O 7. c3 h6 8.
Nbd2 Bg4 9. Qc2 c5 10. b3 cxd4 11. Nxd4 Nc6 12. Nxc6 bxc6 13. Bb2 Qc7 14. h3
Bh5 15. c4 dxc4 16. Nxc4 Nd5 17. Nxd6 Qxd6 18. Rad1 Bxd1 19. Rxd1 Qe6 20.
Bf5 Qe7 21. Qe2 Qxe2 22. Rd3 Qxb2 23. Rg3 Nf4 {White resigns} 0-1

[Event "ICCopen2017"]
[Site "Internet Chess Club"]
[Date "2017.03.25"]
[Round "7"]
[White "Rari"]
[Black "TricksOnly"]
[Result "0-1"]
[ICCResult "White resigns"]
[WhiteElo "1805"]
[BlackElo "1987"]
[Opening "Scandinavian (center counter) defense"]
[ECO "B01"]
[NIC "VO.17"]
[Time "15:16:22"]
[TimeControl "180+0"]

1. e4 d5 2. d3 Nf6 3. Nc3 d4 4. Nce2 c5 5. f4 Nc6 6. Nf3 e6 7. c4 dxc3 8.
bxc3 g6 9. Be3 b6 10. Qd2 Bg7 11. h3 Ba6 12. Nc1 Qd7 13. Be2 Rd8 14. O-O O-O
15. Rd1 Qc7 16. g3 Nxe4 17. dxe4 Rxd2 18. Rxd2 Bxc3 19. Bxa6 Bxa1 20. Ne2
Bg7 21. e5 Rd8 {White resigns} 0-1

[Event "ICCopen2017"]
[Site "Internet Chess Club"]
[Date "2017.03.25"]
[Round "7"]
[White "kutittaja"]
[Black "jasrom"]
[Result "0-1"]
[ICCResult "White checkmated"]
[WhiteElo "1691"]
[BlackElo "1978"]
[Opening "QGD: semi-Slav, Noteboom variation"]
[ECO "D31"]
[NIC "SL.06"]
[Time "15:15:49"]
[TimeControl "180+0"]

1. c4 e6 2. Nc3 d5 3. d4 c6 4. Nf3 dxc4 5. e4 b5 6. e5 Ne7 7. Bg5 Qb6 8. Ne4
Nd5 9. Be2 h6 10. Bh4 Bb4+ 11. Kf1 Nd7 12. a3 Bf8 13. Rc1 Bb7 14. Nfd2 Qxd4
15. Bg3 Qxb2 16. Nd6+ Bxd6 17. exd6 Nc3 18. Rxc3 Qxc3 19. h4 Qxa3 20. Rh3 c3
21. Ne4 b4 22. Qd4 Qc1+ 23. Bd1 c2 24. Bf4 Qxd1+ 25. Qxd1 cxd1=Q#
{White checkmated}
0-1

[Event "ICCopen2017"]
[Site "Internet Chess Club"]
[Date "2017.03.25"]
[Round "7"]
[White "Zelos"]
[Black "GrandPatzer5"]
[Result "1-0"]
[ICCResult "Black resigns"]
[WhiteElo "2411"]
[BlackElo "1929"]
[Opening "Ruy Lopez: Bird's defense"]
[ECO "C61"]
[NIC "RL.05"]
[Time "15:16:14"]
[TimeControl "180+0"]

1. e4 Nc6 2. Nf3 e5 3. Bb5 Nd4 4. Bc4 Bc5 5. c3 Nxf3+ 6. Qxf3 Qf6 7. Qe2 Ne7
8. d3 h6 9. h4 Qg6 10. Qf3 O-O 11. h5 Qh7 12. g4 c6 13. Bb3 d5 14. Nd2 Be6
15. Rg1 dxe4 16. Nxe4 Bb6 17. g5 hxg5 18. Bxg5 Bxb3 19. Bxe7 Rfe8 20. Nf6+
Kh8 21. Nxh7 Kxh7 22. Rxg7+ Kxg7 23. Qf6+ Kh7 24. axb3 Bd8 25. Qxf7+ Kh6 26.
Qxe8 {Black resigns} 1-0

[Event "ICCopen2017"]
[Site "Internet Chess Club"]
[Date "2017.03.25"]
[Round "7"]
[White "CapitanCentella"]
[Black "kentaur"]
[Result "1-0"]
[ICCResult "Black checkmated"]
[WhiteElo "1818"]
[BlackElo "1625"]
[Opening "Modern defense: Averbakh system, Kotov variation"]
[ECO "A40"]
[NIC "KF.03"]
[Time "15:17:01"]
[TimeControl "180+0"]

1. d4 g6 2. c4 Bg7 3. Nc3 d6 4. e4 Nc6 5. Be3 e5 6. d5 Nce7 7. Qd2 f5 8. f3
Nf6 9. Bd3 O-O 10. Nge2 a6 11. a4 Bd7 12. a5 Nh5 13. Bh6 fxe4 14. Nxe4 Nf5
15. Bxg7 Kxg7 16. O-O-O Nf6 17. N2g3 Nxg3 18. hxg3 Nxe4 19. Qh6+ Kf6 20.
fxe4 Rh8 21. Rdf1+ Ke7 22. Qg7+ Ke8 23. Qf7# {Black checkmated} 1-0

[Event "ICCopen2017"]
[Site "Internet Chess Club"]
[Date "2017.03.25"]
[Round "7"]
[White "JanTheMan"]
[Black "ComeonJimtal"]
[Result "1-0"]
[ICCResult "Black resigns"]
[WhiteElo "2362"]
[BlackElo "1720"]
[Opening "Trompowsky attack (Ruth, Opocenský opening)"]
[ECO "A45"]
[NIC "QP.07"]
[Time "15:15:53"]
[TimeControl "180+0"]

1. d4 Nf6 2. Bg5 Ne4 3. Bf4 Nf6 4. Nf3 d6 5. Nc3 h6 6. h3 Bf5 7. g4 Bh7 8.
e3 Nbd7 9. g5 Nh5 10. Bh2 hxg5 11. Nxg5 Bg6 12. e4 e5 13. Nf3 c6 14. Bc4 b5
15. Bd3 Nf4 16. Bxf4 exf4 17. Qd2 Qf6 18. O-O-O Bh5 19. e5 Qe7 20. exd6 Qxd6
21. Rde1+ Be7 22. Ne5 g5 23. Ne4 Qe6 24. Nxd7 Qxd7 25. Nf6+ Kd8 26. Nxd7
Kxd7 27. d5 c5 28. Bxb5+ {Black resigns} 1-0

[Event "ICCopen2017"]
[Site "Internet Chess Club"]
[Date "2017.03.25"]
[Round "7"]
[White "herbyeddy"]
[Black "Cramagica"]
[Result "1-0"]
[ICCResult "Black checkmated"]
[WhiteElo "1493"]
[BlackElo "1083"]
[Opening "Philidor's defense"]
[ECO "C41"]
[NIC "KP.10"]
[Time "15:16:49"]
[TimeControl "180+0"]

1. e4 e5 2. Nf3 d6 3. Bc4 Nf6 4. d3 b6 5. Nc3 Bb7 6. Bg5 Be7 7. Qe2 h6 8.
Bxf6 Bxf6 9. O-O-O Nc6 10. Nd5 O-O 11. g4 Nd4 12. Nxd4 exd4 13. f4 Bxd5 14.
Bxd5 Rb8 15. Rdg1 Qd7 16. g5 hxg5 17. fxg5 Be5 18. Qh5 c6 19. Bb3 a5 20. g6
b5 21. Qh7# {Black checkmated} 1-0

[Event "ICCopen2017"]
[Site "Internet Chess Club"]
[Date "2017.03.25"]
[Round "7"]
[White "fisek2007"]
[Black "eltigrecu"]
[Result "1-0"]
[ICCResult "Black resigns"]
[WhiteElo "2336"]
[BlackElo "1898"]
[Opening "QGD Slav: Krause attack"]
[ECO "D17"]
[NIC "SL.04"]
[Time "15:15:51"]
[TimeControl "180+0"]

1. c4 c6 2. Nc3 d5 3. d4 Nf6 4. Nf3 dxc4 5. a4 Bf5 6. Ne5 Nbd7 7. Nxc4 e6 8.
f3 Bb4 9. Bg5 h6 10. Bh4 g5 11. Bg3 Nd5 12. Nd6+ Kf8 13. Qb3 Ne3 14. Kf2
Bxc3 15. bxc3 Bc2 16. Qa3 Kg7 17. Kxe3 f5 18. Be5+ Nf6 19. Qb2 f4+ 20. Kf2
Bg6 21. Qxb7+ Kg8 22. Bxf6 Qxd6 23. Qxa8+ Qf8 24. Qxf8+ Kxf8 {Black resigns}
1-0

[Event "ICCopen2017"]
[Site "Internet Chess Club"]
[Date "2017.03.25"]
[Round "7"]
[White "Osinger"]
[Black "ajam"]
[Result "0-1"]
[ICCResult "White resigns"]
[WhiteElo "1654"]
[BlackElo "1893"]
[Opening "Pirc defense"]
[ECO "B07"]
[NIC "PU.08"]
[Time "15:16:21"]
[TimeControl "180+0"]

1. e4 d6 2. d4 Nf6 3. Bd3 e5 4. Ne2 Nbd7 5. O-O Be7 6. f4 O-O 7. fxe5 dxe5
8. c3 c6 9. Bg5 Qc7 10. Nd2 b5 11. Nf3 h6 12. Bh4 Re8 13. dxe5 Nxe5 14. Bg3
Bd6 15. Nf4 Nfg4 16. Bc2 Ne3 17. Qe2 Nxf1 18. Rxf1 Ng4 19. e5 Bc5+ 20. Kh1
Ne3 21. Qd3 Nxc2 22. Qxc2 Be6 23. Nh4 Rad8 24. Nh5 Qd7 25. Qe4 Qd3 26. Qf4
Be3 27. Qf3 Bg5 28. Qxd3 Rxd3 29. Nf3 Bg4 30. Nxg5 hxg5 31. Nf4 Rd2 32. h3
gxf4 33. Bxf4 Be2 34. Rf2 Rxb2 35. Kh2 Rxa2 36. g4 Bc4 37. Kg3 Rxf2 38. Kxf2
a5 39. Bc1 b4 40. cxb4 axb4 41. Bb2 Rd8 42. Ke3 Rd3+ 43. Ke4 Rxh3 44. g5
Bd5+ 45. Kd4 Rh2 46. Ba1 b3 47. Kc3 Rc2+ 48. Kb4 b2 49. Bxb2 Rxb2+ 50. Kc5
Kf8 51. Kd6 Ke8 52. g6 fxg6 53. Kc7 Ke7 54. Kc8 Ke6 55. Kc7 Kxe5 56. Kd8 Rb7
57. Ke8 Kd6 58. Kf8 g5 59. Ke8 g4 60. Kf8 g3 61. Ke8 g2 62. Kf8 {White
resigns} 0-1

[Event "ICCopen2017"]
[Site "Internet Chess Club"]
[Date "2017.03.25"]
[Round "7"]
[White "xionoula"]
[Black "NWRiver"]
[Result "1-0"]
[ICCResult "Black checkmated"]
[WhiteElo "1815"]
[BlackElo "1630"]
[Opening "Queen's pawn, Mason variation"]
[ECO "D00"]
[NIC "QP.08"]
[Time "15:16:48"]
[TimeControl "180+0"]

1. d4 d5 2. Bf4 e6 3. e3 Nf6 4. Nf3 Be7 5. Bd3 c6 6. c3 Nbd7 7. Nbd2 h6 8.
Ne5 c5 9. Qf3 c4 10. Bc2 a6 11. g4 b5 12. Nc6 Qb6 13. Nxe7 Kxe7 14. h4 Bb7
15. O-O-O b4 16. g5 hxg5 17. hxg5 Ne4 18. Nxe4 dxe4 19. Bxe4 Bxe4 20. Qxe4
Rxh1 21. Rxh1 Rb8 22. Bxb8 Qxb8 23. g6 bxc3 24. bxc3 fxg6 25. Qxg6 Qf8 26.
Rh7 Qxf2 27. Qxg7+ Kd6 28. Qxd7# {Black checkmated} 1-0

[Event "ICCopen2017"]
[Site "Internet Chess Club"]
[Date "2017.03.25"]
[Round "7"]
[White "BMWHero"]
[Black "presbyter4"]
[Result "1-0"]
[ICCResult "Black checkmated"]
[WhiteElo "2055"]
[BlackElo "1796"]
[Opening "Scandinavian defense, Lasker variation"]
[ECO "B01"]
[NIC "SD.01"]
[Time "15:16:23"]
[TimeControl "180+0"]

1. e4 d5 2. exd5 Qxd5 3. Nc3 Qa5 4. d4 Nf6 5. Nf3 Bg4 6. h3 Qh5 7. Nb5 Na6
8. Be2 c6 9. Na3 e6 10. Nc4 O-O-O 11. Bf4 Bb4+ 12. c3 Be7 13. Nce5 Bxf3 14.
Bxf3 Qf5 15. Bd2 h5 16. Nxf7 Nd5 17. Nxh8 Rxh8 18. Qe2 Nf4 19. Bxf4 Qxf4 20.
Qxe6+ Kb8 21. Qxe7 g5 22. Qe5+ Qxe5+ 23. dxe5 Nc5 24. Rd1 Re8 25. O-O Rxe5
26. Rfe1 Rf5 27. Re7 a6 28. b4 Na4 29. Bxc6 Nxc3 30. Rd8+ Ka7 31. Rxb7#
{Black checkmated}
1-0

[Event "ICCopen2017"]
[Site "Internet Chess Club"]
[Date "2017.03.25"]
[Round "7"]
[White "GYMEJR"]
[Black "BryanL"]
[Result "0-1"]
[ICCResult "White resigns"]
[WhiteElo "1570"]
[BlackElo "1936"]
[Opening "Queen's pawn: London system"]
[ECO "A45"]
[NIC "QP.07"]
[Time "15:16:24"]
[TimeControl "180+0"]

1. d4 Nf6 2. Bf4 g6 3. e3 Bg7 4. c3 d6 5. Nf3 O-O 6. h3 b6 7. Bh2 Bb7 8. Bd3
Nbd7 9. Nbd2 Re8 10. O-O e5 11. Qc2 e4 12. Be2 exf3 13. Nxf3 Rc8 14. c4 Be4
15. Qc3 c5 16. Nd2 Qe7 17. Nxe4 Nxe4 18. Qd3 cxd4 19. exd4 Nef6 20. Bf3 d5
21. b3 dxc4 22. bxc4 Qb4 23. Rac1 Red8 24. a3 Qa4 25. Bd1 Qa5 26. Bf4 Nc5
27. Bd2 Nxd3 28. Bxa5 Nxc1 {White resigns} 0-1

[Event "ICCopen2017"]
[Site "Internet Chess Club"]
[Date "2017.03.25"]
[Round "7"]
[White "Darnoc"]
[Black "Kusox"]
[Result "1-0"]
[ICCResult "Black resigns"]
[WhiteElo "2905"]
[BlackElo "2185"]
[Opening "Grünfeld defense"]
[ECO "D80"]
[NIC "GI.03"]
[Time "15:17:22"]
[TimeControl "180+0"]

1. d4 Nf6 2. c4 g6 3. Nc3 d5 4. e3 Bg7 5. Qb3 dxc4 6. Bxc4 O-O 7. Nf3 Nc6 8.
Be2 e5 9. d5 Na5 10. Qa4 b6 11. e4 Nh5 12. O-O Bd7 13. Qa3 Re8 14. Bg5 Bf6
15. Bxf6 Qxf6 16. g3 Nb7 17. Nd2 Qg5 18. Nf3 Qf6 19. Rac1 Bg4 20. Nd2 Bxe2
21. Nxe2 Nc5 22. b4 Qg5 23. Nf3 Qg4 24. bxc5 Nf4 25. Nxf4 exf4 26. e5 bxc5
27. Rxc5 {Black resigns} 1-0

[Event "ICCopen2017"]
[Site "Internet Chess Club"]
[Date "2017.03.25"]
[Round "7"]
[White "aplusk"]
[Black "cool64chess"]
[Result "1-0"]
[ICCResult "Black resigns"]
[WhiteElo "2786"]
[BlackElo "2184"]
[Opening "Queen's gambit declined"]
[ECO "D30"]
[NIC "QP.08"]
[Time "15:16:18"]
[TimeControl "180+0"]

1. d4 d5 2. c4 e6 3. Nf3 Nf6 4. e3 Be7 5. Bd3 O-O 6. Nc3 dxc4 7. Bxc4 b6 8.
O-O Bb7 9. Qe2 Nbd7 10. Rd1 c5 11. d5 exd5 12. Nxd5 Nxd5 13. Bxd5 Bxd5 14.
Rxd5 Qc7 15. b3 Bf6 16. Bb2 Bxb2 17. Qxb2 Nf6 18. Rd2 Rfd8 19. Rad1 Rxd2 20.
Qxd2 Kf8 21. h3 Ke8 22. Qd3 Rd8 23. Qb5+ Kf8 24. Rc1 Qd7 25. Qc4 Qd5 26. Qa6
Qd7 27. Qc4 Qd5 28. Qf4 Qd6 29. Qa4 Qd7 30. Qh4 h6 31. b4 cxb4 32. Qxb4+ Qe7
33. Qf4 Qd6 34. Qa4 Qd7 35. Qa3+ Qd6 36. Qxa7 Ne4 37. Qa4 f5 38. Nd4 g6 39.
Rc6 Qd7 40. Ne6+ {Black resigns} 1-0

[Event "ICCopen2017"]
[Site "Internet Chess Club"]
[Date "2017.03.25"]
[Round "7"]
[White "Jesus"]
[Black "Spirals"]
[Result "0-1"]
[ICCResult "White resigns"]
[WhiteElo "1867"]
[BlackElo "2195"]
[Opening "Sicilian: Najdorf, 6.f4"]
[ECO "B93"]
[NIC "SI.12"]
[Time "15:16:10"]
[TimeControl "180+0"]

1. e4 c5 2. Nf3 d6 3. d4 cxd4 4. Nxd4 Nf6 5. Nc3 a6 6. f4 e5 7. Nf3 Qc7 8.
Be2 Be7 9. O-O Be6 10. f5 Bc4 11. Kh1 Nbd7 12. Bg5 h6 13. Bh4 Rc8 14. a3 Qc6
15. Bd3 b5 16. Qe2 O-O 17. Rac1 Rfe8 18. h3 d5 19. exd5 Nxd5 20. Bxc4 bxc4
21. Nxd5 Qxd5 22. Rcd1 Qc6 23. Bf2 Bf6 24. Nd2 e4 25. c3 e3 26. Bxe3 Bg5 27.
Rf3 Ne5 28. Bxg5 Nxf3 29. Qxf3 Qxf3 30. Nxf3 hxg5 31. Rd2 Rcd8 32. Rxd8 Rxd8
33. Nd4 f6 {White resigns} 0-1

[Event "ICCopen2017"]
[Site "Internet Chess Club"]
[Date "2017.03.25"]
[Round "7"]
[White "topotun"]
[Black "Mercury"]
[Result "1-0"]
[ICCResult "Black resigns"]
[WhiteElo "2874"]
[BlackElo "2142"]
[Opening "Sicilian: Taimanov variation"]
[ECO "B45"]
[NIC "SI.39"]
[Time "15:15:47"]
[TimeControl "180+0"]

1. e4 c5 2. Nf3 e6 3. d4 cxd4 4. Nxd4 Nc6 5. Nc3 d6 6. Be3 a6 7. Be2 Nf6 8.
f4 Be7 9. g4 Nxd4 10. Qxd4 e5 11. Qd1 exf4 12. Bxf4 h6 13. Rg1 Be6 14. Qd4
Qa5 15. O-O-O O-O-O 16. g5 Nd7 17. gxh6 g5 18. Bxd6 Bf6 19. Qa7 {Black
resigns} 1-0

[Event "ICCopen2017"]
[Site "Internet Chess Club"]
[Date "2017.03.25"]
[Round "7"]
[White "Sibelephant"]
[Black "Red-white"]
[Result "1-0"]
[ICCResult "Black resigns"]
[WhiteElo "3084"]
[BlackElo "3007"]
[Opening "Queen's pawn game"]
[ECO "A46"]
[NIC "QP.05"]
[Time "15:17:53"]
[TimeControl "180+0"]

1. d4 Nf6 2. Nf3 e6 3. Bf4 Be7 4. h3 O-O 5. e3 b6 6. Nbd2 c5 7. c3 Ba6 8.
Bxa6 Nxa6 9. O-O Qc8 10. Bg5 Nc7 11. e4 h6 12. Bh4 cxd4 13. cxd4 Qb7 14. d5
Rfe8 15. d6 Bxd6 16. e5 Bxe5 17. Nxe5 Ncd5 18. Ndc4 Ne4 19. Re1 f5 20. f3
{Black resigns}
1-0

[Event "ICCopen2017"]
[Site "Internet Chess Club"]
[Date "2017.03.25"]
[Round "7"]
[White "playwaycool"]
[Black "fiume"]
[Result "1-0"]
[ICCResult "Black resigns"]
[WhiteElo "2243"]
[BlackElo "1921"]
[Opening "Trompowsky attack (Ruth, Opocenský opening)"]
[ECO "A45"]
[NIC "QP.07"]
[Time "15:17:02"]
[TimeControl "180+0"]

1. d4 Nf6 2. Bg5 Ne4 3. Bf4 d5 4. f3 Nd6 5. e4 dxe4 6. Nc3 exf3 7. Nxf3 Bg4
8. h3 Bxf3 9. Qxf3 c6 10. O-O-O Nd7 11. d5 c5 12. Re1 Nf6 13. Bb5+ Nxb5 14.
Nxb5 Rc8 15. Nd6+ Kd7 16. Nxc8 Kxc8 17. c4 g6 18. g4 Bg7 19. g5 Ne8 20. Qg4+
Qd7 21. Rxe7 Qxg4 22. hxg4 {Black resigns} 1-0

[Event "ICCopen2017"]
[Site "Internet Chess Club"]
[Date "2017.03.25"]
[Round "7"]
[White "mahh"]
[Black "Persi"]
[Result "1-0"]
[ICCResult "Black forfeits on time"]
[WhiteElo "1488"]
[BlackElo "1200"]
[Opening "English opening"]
[ECO "A22"]
[NIC "EO.10"]
[Time "15:16:07"]
[TimeControl "180+0"]

1. c4 e5 2. Nc3 Nf6 3. e4 c6 4. d3 d5 5. cxd5 cxd5 6. exd5 Nxd5 7. Nf3 Nc6
8. Be2 Bb4 9. Bd2 O-O 10. O-O Bxc3 11. bxc3 Nf4 12. Bxf4 exf4 13. d4 Ne7 14.
Bd3 Bg4 15. h3 Bh5 16. Be2 Qa5 17. Qb3 Nd5 18. Rac1 Rfe8 19. Rfe1 Bxf3 20.
Bxf3 Rxe1+ 21. Rxe1 Nxc3 22. Re7 Rf8 23. Qxb7 Qxa2 24. Qxa7 Qb1+ 25. Kh2 Qf5
26. Qc5 Qxc5 27. dxc5 Na4 28. c6 Nb6 29. c7 g6 30. Bb7 Nc8 31. Re4 Nd6 32.
Rb4 Nxb7 33. Rxb7 Kg7 34. Rb8 f5 35. Rxf8 Kxf8 36. c8=Q+
{Black forfeits on time}
1-0

[Event "ICCopen2017"]
[Site "Internet Chess Club"]
[Date "2017.03.25"]
[Round "7"]
[White "DroolingBaby"]
[Black "Boing777"]
[Result "1-0"]
[ICCResult "Black checkmated"]
[WhiteElo "2290"]
[BlackElo "2420"]
[Opening "QGD Slav defense: exchange variation"]
[ECO "D10"]
[NIC "SL.01"]
[Time "15:16:10"]
[TimeControl "180+0"]

1. d4 d5 2. c4 c6 3. cxd5 cxd5 4. Nc3 Nf6 5. Bf4 Nc6 6. e3 a6 7. Bd3 Bg4 8.
Nge2 e6 9. h3 Bh5 10. O-O Be7 11. a3 O-O 12. Rc1 Rc8 13. b4 b5 14. Qc2 Qb6
15. Bg5 Bg6 16. Nf4 Bxb4 17. axb4 Nxb4 18. Qd2 Bxd3 19. Nxd3 Nxd3 20. Qxd3
b4 21. Bxf6 gxf6 22. Na4 Qa5 23. Nc5 Rc6 24. Ra1 Qc7 25. Rxa6 Rb8 26. Rb1
Rbb6 27. Ra8+ Kg7 28. Rba1 b3 29. R1a7 b2 30. Qb1 Rxc5 31. dxc5 Qxc5 32.
Rxf7+ Kh6 33. Qxh7+ Kg5 34. Rg8# {Black checkmated} 1-0

[Event "ICCopen2017"]
[Site "Internet Chess Club"]
[Date "2017.03.25"]
[Round "7"]
[White "BUHO64"]
[Black "stin"]
[Result "1-0"]
[ICCResult "Black resigns"]
[WhiteElo "2028"]
[BlackElo "1902"]
[Opening "Ruy Lopez: open, Berlin variation"]
[ECO "C82"]
[NIC "RL.29"]
[Time "15:16:03"]
[TimeControl "180+0"]

1. e4 e5 2. Nf3 Nc6 3. Bb5 a6 4. Ba4 Nf6 5. O-O Nxe4 6. d4 b5 7. Bb3 d5 8.
dxe5 Be6 9. c3 Nc5 10. Bc2 Bg4 11. Nbd2 Be7 12. h3 Bh5 13. Re1 Qd7 14. Nb3
Ne6 15. Nbd4 Ncxd4 16. cxd4 c5 17. dxc5 Bxc5 18. Bb3 Rd8 19. a4 O-O 20. axb5
axb5 21. g4 Bg6 22. Be3 d4 23. Bd2 d3 24. Be3 Bd4 25. Bxe6 Qxe6 26. Bxd4 Qd5
27. Bc3 Qc4 28. Nd2 Qe6 29. Qf3 h5 30. Ne4 hxg4 31. hxg4 Qc4 32. Nd6 Qe6 33.
Nf5 d2 34. Red1 b4 35. Bxb4 Qxe5 36. Ne7+ Kh8 37. Nxg6+ fxg6 38. Bxf8 Qxb2
39. Ra8 Qd4 40. Rxd8 Qxd8 41. Qf7 Qd4 42. Bxg7+ {Black resigns} 1-0

[Event "ICCopen2017"]
[Site "Internet Chess Club"]
[Date "2017.03.25"]
[Round "7"]
[White "ASidorov"]
[Black "FGM21"]
[Result "1-0"]
[ICCResult "Black checkmated"]
[WhiteElo "2324"]
[BlackElo "1930"]
[Opening "Vienna: Paulsen-Mieses variation"]
[ECO "C26"]
[NIC "VG.01"]
[Time "15:16:13"]
[TimeControl "180+0"]

1. e4 e5 2. Nc3 Nf6 3. g3 d5 4. exd5 Nxd5 5. Bg2 c6 6. Nf3 Bd6 7. O-O O-O 8.
Re1 Re8 9. d4 Nxc3 10. bxc3 e4 11. Ng5 f5 12. Qh5 h6 13. Qf7+ Kh8 14. Bf1
Rf8 15. Qg6 hxg5 16. Qh5+ Kg8 17. Bc4+ Rf7 18. Qxf7+ Kh7 19. Qh5#
{Black checkmated}
1-0